Bulldogs vs Checkers

Created - Thursday, January 15, 2015 at 23:34

Goals
1 2 3 OT1 SO T
Bulldogs 0 1 1 0 0 2
Checkers 0 1 1 0 1 3
Shots
1 2 3 OT1 SO T
Bulldogs 7 9 9 4 3 29
Checkers 1 14 6 1 3 22

1st period

No Goal

Penalties :
Steven Kampfer (Ham) for Hooking (Minor) at 3:53, Tom Sestito (CHA) for Hooking (Minor) at 15:40

2nd period

1. Bulldogs , Dalton Prout 1 (B.J. Crombeen, Jordan Leopold) at 2:55
2. Checkers , Sami Salo 30 (Brian McGrattan, Andrew Campbell) at 13:39

Penalties :
No Penalty

3rd period

3. Bulldogs , Dalton Prout 2 (Jordan Leopold) at 16:09 (PP)
4. Checkers , Brian McGrattan 12 (Nick Crawford, Tom Sestito) at 18:17

Penalties :
Tom Sestito (CHA) for Fighting (Major) at 1:48, Cody McCormick (Ham) for Fighting (Major) at 1:48, Andrew Campbell (CHA) for High sticking (Minor) at 12:06, Nick Crawford (CHA) for High sticking (Minor) at 14:43, Sami Salo (CHA) for Hooking (Minor) at 19:56

Overtime #1

No Goal

Penalties :
No Penalty

Shootout

Penalty Shot by Brandon Yip for Bulldogs - Shot Misses the Net
Penalty Shot by Jim O'Brien for Checkers - Shot Misses the Net
Penalty Shot by Jean-Francois Jacques for Bulldogs - Stopped by Drew MacIntyre
Penalty Shot by Sean Backman for Checkers - Stopped by Eric Hartzell
Penalty Shot by Ryan Carter for Bulldogs - Stopped by Drew MacIntyre
Penalty Shot by Cody Bass for Checkers - Goal!

Penalties :
No Penalty

Goalie Stats

Eric Hartzell (Ham), 20 saves from 22 shots - (0.909), OTL, 16-6-4, 65:00 minutes
Drew MacIntyre (CHA), 27 saves from 29 shots - (0.931), W, 24-15-8, 65:00 minutes

Players Stats for Bulldogs

Player Name              G  A  P  +/- PIM S  H  SB GA TA FO     MP     PP MP  PK MP  
------------------------------------------------------------------------------------
Andrew Bodnarchuk        0  0  0   0  0   0  0  0  0  0  0/0     4:14   0:15   0:00 
B.J. Crombeen            0  1  1   1  0   2  3  0  3  0  0/1    21:18   2:06   0:28 
Brandon Yip              0  0  0  -1  0   1  3  0  3  0  2/4    24:37   1:09   0:33 
Cody McCormick           0  0  0   0  5   4  4  1  3  0  8/13   20:51   3:05   1:31 
Dalton Prout             2  0  2   0  0   3  4  5  0  2  0/0    22:42   2:32   1:59 
Jean-Francois Jacques    0  0  0  -1  0   1  1  0  1  1  2/3    19:09   2:20   0:00 
Jordan Leopold           0  2  2   0  0   7  1  1  3  0  0/0    28:17   2:32   0:00 
Mark Olver               0  0  0   1  0   2  2  0  3  1  4/9    17:21   2:02   0:00 
Matt Hunwick             0  0  0  -1  0   1  1  2  1  0  0/0    27:02   0:00   0:00 
Nathan Beaulieu          0  0  0   0  0   0  0  0  0  0  0/0     0:00   0:00   0:00 
Nathan Horton            0  0  0   0  0   1  0  0  1  0  1/1     1:32   0:23   0:00 
Patrick Dwyer            0  0  0   0  0   1  0  0  4  0  0/0    19:01   1:57   0:00 
Patrick Kaleta           0  0  0  -1  0   1  3  1  1  0  0/1    15:20   1:23   0:00 
Reece Scarlett           0  0  0  -1  0   0  0  1  1  2  0/0    22:28   2:40   1:59 
Ryan Carter              0  0  0   0  0   2  3  0  0  0  0/0    20:11   1:56   0:28 
Steven Kampfer           0  0  0   0  2   0  0  1  1  0  0/0    25:24   2:55   0:00 
Tim Kennedy              0  0  0  -1  0   2  3  0  3  1  1/7    16:00   0:00   0:58 
Trevor Smith             0  0  0  -1  0   1  2  1  2  0  4/4    12:32   0:00   0:00 

Players Stats for Checkers

Player Name              G  A  P  +/- PIM S  H  SB GA TA FO     MP     PP MP  PK MP  
------------------------------------------------------------------------------------
Adam Brace               0  0  0   0  0   3  1  1  1  2  0/0    18:24   1:08   0:37 
Andrew Campbell          0  1  1   1  2   1  1  2  0  1  0/0    22:29   1:14   1:29 
Blake Parlett            0  0  0   0  0   0  1  0  1  0  0/0    18:13   0:00   0:00 
Brian McGrattan          1  1  2   2  0   2  0  1  2  0  0/1    18:52   0:51   0:00 
Cody Bass                0  0  0   0  0   1  1  0  0  0  0/1    14:42   0:53   0:00 
Corey Locke              0  0  0  -1  0   4  1  2  1  2  10/15  24:47   0:23   2:45 
Guillaume Desbiens       0  0  0   0  0   0  0  0  0  0  0/0     2:37   0:00   0:00 
J.T. Wyman               0  0  0   0  0   0  2  0  1  0  3/7    21:18   1:08   2:47 
Jim O'Brien              0  0  0   0  0   1  5  2  1  2  7/13   24:58   0:00   2:41 
Joshua Shalla            0  0  0   0  0   0  0  1  1  0  0/0     6:07   0:00   0:24 
Julien Brouillette       0  0  0   0  0   1  0  1  0  1  0/0    19:25   0:00   3:17 
Matt Pelech              0  0  0   0  0   0  0  0  0  0  0/0     0:00   0:00   0:00 
Mike Cornell             0  0  0   0  0   0  1  1  0  4  0/0    25:13   0:45   4:06 
Nick Crawford            0  1  1   0  2   1  1  0  0  2  0/0    21:03   0:45   2:54 
Sami Salo                1  0  1   1  2   4  2  1  2  5  0/0    24:13   1:14   3:00 
Sean Backman             0  0  0   1  0   2  1  0  0  1  0/2    17:56   1:13   2:23 
Tom Sestito              0  1  1   1  7   2  1  1  1  1  0/0    20:51   0:00   0:18 
Tyler Gron               0  0  0   0  0   0  0  0  0  0  1/4    11:24   0:21   0:55 

3 Stars

1 - Dalton Prout (Ham)
2 - Brian McGrattan (CHA)
3 - Jordan Leopold (Ham)

Power Play

Bulldogs - 1 on 4 Attempt(s) - 25.00%
Checkers - 0 on 1 Attempt(s) - 0.00%

Penalty Kill

Bulldogs - 1 on 1 Attempt(s) - 100.00% - Score 0 goal in Penalty Kill
Checkers - 3 on 4 Attempt(s) - 75.00% - Score 0 goal in Penalty Kill

Team Stat

Bulldogs - Hits : 30 - Faceoff Wins : 22 - Blocked Shots : 13 - Penalty Minutes : 7
Checkers - Hits : 18 - Faceoff Wins : 21 - Blocked Shots : 13 - Penalty Minutes : 13

Official

Referees : Unknown
Linesman : Unknown

Game Notes

Cody McCormick beats up Tom Sestito at 1:48 of 3rd period

Finance

Level 1 -- Attendance: 1603 (80.15%) -- Ticket Income $51,296
Level 2 -- Attendance: 818 (81.80%) -- Ticket Income $9,816
Total Attendance: 2421 (80.70%)
Total Ticket Income: $61,112
Other Income: $29,945
Total Income: $91,057

Bulldogs

5 vs 5 Forward 
   Center                   Left Wing                Right Wing               Time % Phy DF OF 
 1 Cody McCormick           Patrick Dwyer            Brandon Yip              35     1   2  2  
 2 Mark Olver               Ryan Carter              B.J. Crombeen            30     1   2  2  
 3 Tim Kennedy              Jean-Francois Jacques    Brandon Yip              22     1   2  2  
 4 Trevor Smith             Ryan Carter              Patrick Kaleta           13     1   2  2  

5 vs 5 Defense 
   Defense                  Defense                                           Time % Phy DF OF 
 1 Jordan Leopold           Dalton Prout                                      35     1   2  2  
 2 Steven Kampfer           Matt Hunwick                                      30     1   2  2  
 3 Reece Scarlett           Matt Hunwick                                      22     1   2  2  
 4 Steven Kampfer           Jordan Leopold                                    13     1   2  2  

PowerPlay Forward 
   Center                   Left Wing                Right Wing               Time % Phy DF OF 
 1 Cody McCormick           Patrick Dwyer            Brandon Yip              60     1   2  2  
 2 Mark Olver               Ryan Carter              B.J. Crombeen            40     1   2  2  

PowerPlay Defense
   Defense                  Defense                                           Time % Phy DF OF 
 1 Jordan Leopold           Dalton Prout                                      60     1   2  2  
 2 Steven Kampfer           Reece Scarlett                                    40     1   2  2  

Penalty Kill 4 Players Forward 
   Center                   Wing                     Time % Phy DF OF 
 1 Cody McCormick           Brandon Yip              60     1   2  2  
 2 Ryan Carter              B.J. Crombeen            40     1   2  2  

Penalty Kill 4 Players Defense
   Defense                  Defense                  Time % Phy DF OF 
 1 Reece Scarlett           Dalton Prout             60     1   2  2  
 2 Steven Kampfer           Jordan Leopold           40     1   2  2  

Penalty Kill - 3 Players Forward 
   Forward                                           Time % Phy DF OF 
 1 B.J. Crombeen                                     60     1   2  2  
 2 Cody McCormick                                    40     1   2  2  

Penalty Kill - 3 Players Defense
   Defense                  Defense                  Time % Phy DF OF 
 1 Reece Scarlett           Dalton Prout             60     1   2  2  
 2 Steven Kampfer           Jordan Leopold           40     1   2  2  

4 vs 4 Forward 
   Center                   Wing                     Time % Phy DF OF 
 1 Cody McCormick           Brandon Yip              60     1   2  2  
 2 Ryan Carter              B.J. Crombeen            40     1   2  2  

4 vs 4 Defense
   Defense                  Defense                  Time % Phy DF OF 
 1 Jordan Leopold           Matt Hunwick             60     1   2  2  
 2 Steven Kampfer           Reece Scarlett           40     1   2  2  

Last Minutes Offensive
   Center                   Left Wing                Right Wing               Defense                  Defense                  
   Cody McCormick           Patrick Dwyer            B.J. Crombeen            Jordan Leopold           Dalton Prout             

Last Minutes Defensive
   Center                   Left Wing                Right Wing               Defense                  Defense                  
   Cody McCormick           Patrick Dwyer            B.J. Crombeen            Jordan Leopold           Dalton Prout             

Goaltenders
Starting : Eric Hartzell            
Backup : Jeff Zatkoff             

Extra Forwards
Normal : Jean-Francois Jacques, Brandon Yip, Tim Kennedy - PP : Jean-Francois Jacques, Brandon Yip - PK : Tim Kennedy
Extra Defensemen
Normal : Reece Scarlett, Jordan Leopold, Steven Kampfer - PP : Reece Scarlett - PK : Jordan Leopold, Steven Kampfer
Penalty Shots
Brandon Yip, Jean-Francois Jacques, Ryan Carter, B.J. Crombeen, Cody McCormick

Checkers

5 vs 5 Forward 
   Center                   Left Wing                Right Wing               Time % Phy DF OF 
 1 Jim O'Brien              Brian McGrattan          Tom Sestito              28     1   2  2  
 2 Corey Locke              Adam Brace               J.T. Wyman               27     1   2  2  
 3 Corey Locke              Jim O'Brien              Sean Backman             25     1   2  2  
 4 Jim O'Brien              Corey Locke              Cody Bass                20     1   2  2  

5 vs 5 Defense 
   Defense                  Defense                                           Time % Phy DF OF 
 1 Sami Salo                Andrew Campbell                                   35     1   2  2  
 2 Mike Cornell             Blake Parlett                                     35     1   2  2  
 3 Nick Crawford            Julien Brouillette                                30     1   2  2  
 4 Sami Salo                Andrew Campbell                                   0      1   2  2  

PowerPlay Forward 
   Center                   Left Wing                Right Wing               Time % Phy DF OF 
 1 Jim O'Brien              Sean Backman             Brian McGrattan          50     0   1  4  
 2 Corey Locke              Adam Brace               J.T. Wyman               50     0   1  4  

PowerPlay Defense
   Defense                  Defense                                           Time % Phy DF OF 
 1 Sami Salo                Andrew Campbell                                   50     0   1  4  
 2 Mike Cornell             Nick Crawford                                     50     0   1  4  

Penalty Kill 4 Players Forward 
   Center                   Wing                     Time % Phy DF OF 
 1 Jim O'Brien              Corey Locke              50     0   4  1  
 2 J.T. Wyman               Sean Backman             50     0   4  1  

Penalty Kill 4 Players Defense
   Defense                  Defense                  Time % Phy DF OF 
 1 Nick Crawford            Julien Brouillette       50     0   4  1  
 2 Mike Cornell             Sami Salo                50     0   4  1  

Penalty Kill - 3 Players Forward 
   Forward                                           Time % Phy DF OF 
 1 Jim O'Brien                                       50     0   5  0  
 2 Corey Locke                                       50     0   5  0  

Penalty Kill - 3 Players Defense
   Defense                  Defense                  Time % Phy DF OF 
 1 Nick Crawford            Julien Brouillette       50     1   4  0  
 2 Mike Cornell             Sami Salo                50     1   4  0  

4 vs 4 Forward 
   Center                   Wing                     Time % Phy DF OF 
 1 Jim O'Brien              Tom Sestito              50     1   2  2  
 2 Corey Locke              J.T. Wyman               50     1   2  2  

4 vs 4 Defense
   Defense                  Defense                  Time % Phy DF OF 
 1 Sami Salo                Andrew Campbell          50     1   2  2  
 2 Mike Cornell             Nick Crawford            50     1   2  2  

Last Minutes Offensive
   Center                   Left Wing                Right Wing               Defense                  Defense                  
   Jim O'Brien              Brian McGrattan          Tom Sestito              Blake Parlett            Sami Salo                

Last Minutes Defensive
   Center                   Left Wing                Right Wing               Defense                  Defense                  
   Jim O'Brien              Brian McGrattan          Tom Sestito              Blake Parlett            Sami Salo                

Goaltenders
Starting : Drew MacIntyre           
Backup : Nathan Lawson            

Extra Forwards
Normal : Sean Backman, Cody Bass, Corey Locke - PP : Sean Backman, Cody Bass - PK : Jim O'Brien
Extra Defensemen
Normal : Mike Cornell, Andrew Campbell, Nick Crawford - PP : Mike Cornell - PK : Mike Cornell, Nick Crawford
Penalty Shots
Jim O'Brien, Sean Backman, Cody Bass, Corey Locke, J.T. Wyman

% Time on Ice - Bulldogs

Lines # - Real PCT - Wanted PCT - Time Play
Normal Forward
1 - 32% - 35% - 16:49
2 - 24% - 30% - 12:44
3 - 20% - 22% - 10:29
4 - 24% - 13% - 12:32
Normal Defense
1 - 35% - 35% - 18:11
2 - 26% - 30% - 13:48
3 - 26% - 22% - 13:34
4 - 13% - 13% - 7:01
PP Forward
1 - 57% - 60% - 3:05
2 - 43% - 40% - 2:22
PP Defense
1 - 46% - 60% - 2:32
2 - 54% - 40% - 2:55
PK Forward
1 - 76% - 60% - 1:31
2 - 24% - 40% - 0:28
PK Defense
1 - 100% - 60% - 1:59
2 - 0% - 40% - 0:00
PK3 Forward
1 - 0% - 60%
2 - 0% - 40%
PK3 Defense
1 - 0% - 60%
2 - 0% - 40%
44 Forward
1 - 100% - 60% - 5:00
2 - 0% - 40% - 0:00
44 Defense
1 - 56% - 60% - 2:48
2 - 44% - 40% - 2:12
Last Minute Offensive  - 0:00
Last Minute Defensive  - 0:00
Total
Forward - 65:00
Defense - 65:00

% Time on Ice - Checkers

Lines # - Real PCT - Wanted PCT - Time Play
Normal Forward
1 - 36% - 28% - 19:11
2 - 31% - 27% - 16:21
3 - 19% - 25% - 9:50
4 - 14% - 20% - 7:12
Normal Defense
1 - 35% - 35% - 18:31
2 - 35% - 35% - 18:33
3 - 29% - 30% - 15:30
4 - 0% - 0% - 0:00
PP Forward
1 - 43% - 50% - 0:51
2 - 57% - 50% - 1:08
PP Defense
1 - 62% - 50% - 1:14
2 - 38% - 50% - 0:45
PK Forward
1 - 42% - 50% - 2:17
2 - 58% - 50% - 3:10
PK Defense
1 - 45% - 50% - 2:27
2 - 55% - 50% - 3:00
PK3 Forward
1 - 48% - 50% - 0:56
2 - 52% - 50% - 1:00
PK3 Defense
1 - 43% - 50% - 0:50
2 - 57% - 50% - 1:06
44 Forward
1 - 49% - 50% - 1:30
2 - 51% - 50% - 1:34
44 Defense
1 - 41% - 50% - 1:15
2 - 59% - 50% - 1:49
Last Minute Offensive  - 0:00
Last Minute Defensive  - 0:00
Total
Forward - 65:00
Defense - 65:00

Play by Play

1st period


0:01 of 1st period - Jim O'Brien wins face-off versus Brandon Yip in neutral zone.
0:13 of 1st period - Icing by Patrick Dwyer.
0:14 of 1st period - Jim O'Brien wins face-off versus Cody McCormick in Bulldogs zone.
0:45 of 1st period - Snap shot by Jim O'Brien.
0:45 of 1st period - Shot Blocked by Jordan Leopold.
2:03 of 1st period - Cody Bass is hit by Brandon Yip and loses puck.
2:46 of 1st period - Slapshot by Jordan Leopold.
2:46 of 1st period - Shot Misses the Net.
2:54 of 1st period - Snap shot by Patrick Kaleta.
2:54 of 1st period - Stopped by Drew MacIntyre with a rebound.
3:14 of 1st period - Snap shot by Ryan Carter.
3:14 of 1st period - Shot Blocked by Jim O'Brien.
3:16 of 1st period - Wrist shot by Ryan Carter.
3:16 of 1st period - Shot Misses the Net.
3:53 of 1st period - Minor Penalty to Steven Kampfer for Hooking.
3:54 of 1st period - Cody McCormick wins face-off versus Corey Locke in Bulldogs zone.
4:13 of 1st period - Wrist shot by Adam Brace.
4:13 of 1st period - Shot Blocked by Dalton Prout.
4:25 of 1st period - Snap shot by Cody McCormick.
4:25 of 1st period - Stopped by Drew MacIntyre with a rebound.
4:42 of 1st period - B.J. Crombeen is hit by Sami Salo and loses puck.
5:02 of 1st period - Adam Brace is hit by Dalton Prout and loses puck.
5:49 of 1st period - Snap shot by Brian McGrattan.
5:49 of 1st period - Shot Misses the Net.
5:51 of 1st period - Slapshot by Andrew Campbell.
5:51 of 1st period - Shot Misses the Net.
5:53 of 1st period - Penalty to Steven Kampfer is over, Steven Kampfer is back on ice.
6:13 of 1st period - Ryan Carter is hit by Andrew Campbell and loses puck.
6:29 of 1st period - Off-side.
6:30 of 1st period - Jean-Francois Jacques wins face-off versus Tyler Gron in neutral zone.
6:59 of 1st period - Wrist shot by Mark Olver.
6:59 of 1st period - Shot Misses the Net.
7:01 of 1st period - Snap shot by Jean-Francois Jacques.
7:01 of 1st period - Stopped by Drew MacIntyre with a rebound.
7:07 of 1st period - Backhand shot by Jordan Leopold.
7:07 of 1st period - Stopped by Drew MacIntyre with a rebound.
8:38 of 1st period - Backhand shot by Trevor Smith.
8:38 of 1st period - Shot Misses the Net.
8:44 of 1st period - Slapshot by Sami Salo.
8:44 of 1st period - Shot Blocked by Trevor Smith.
8:56 of 1st period - Patrick Kaleta is hit by Jim O'Brien and loses puck.
9:03 of 1st period - Snap shot by Sami Salo.
9:03 of 1st period - Stopped by Eric Hartzell with a rebound.
9:21 of 1st period - Matt Hunwick is hit by Nick Crawford and loses puck.
10:17 of 1st period - Snap shot by Nathan Horton.
10:17 of 1st period - Shot Misses the Net.
11:18 of 1st period - Snap shot by Brian McGrattan.
11:18 of 1st period - Shot Misses the Net.
11:59 of 1st period - Snap shot by J.T. Wyman.
11:59 of 1st period - Shot Blocked by Dalton Prout.
12:11 of 1st period - Patrick Kaleta is hit by Jim O'Brien and loses puck.
12:22 of 1st period - Wrist shot by Jim O'Brien.
12:22 of 1st period - Shot Blocked by Matt Hunwick.
13:26 of 1st period - Off-side.
13:27 of 1st period - Corey Locke wins face-off versus Mark Olver in neutral zone.
13:56 of 1st period - Brandon Yip is hit by Jim O'Brien.
14:28 of 1st period - Slapshot by Tom Sestito.
14:28 of 1st period - Shot Blocked by Reece Scarlett.
14:48 of 1st period - Adam Brace is hit by Brandon Yip and loses puck.
15:13 of 1st period - Steven Kampfer is hit by Sami Salo and loses puck.
15:30 of 1st period - Backhand shot by Jordan Leopold.
15:30 of 1st period - Deflect By Sami Salo.
15:30 of 1st period - Stopped by Drew MacIntyre with a rebound.
15:40 of 1st period - Minor Penalty to Tom Sestito for Hooking.
15:41 of 1st period - Cody McCormick wins face-off versus Sean Backman in Checkers zone.
16:51 of 1st period - Sami Salo is hit by Patrick Kaleta and loses puck.
17:22 of 1st period - Sami Salo is hit by Dalton Prout and loses puck.
17:37 of 1st period - B.J. Crombeen is hit by J.T. Wyman and loses puck.
17:40 of 1st period - Penalty to Tom Sestito is over, Tom Sestito is back on ice.
18:08 of 1st period - Corey Locke is hit by Tim Kennedy and loses puck.
18:23 of 1st period - Matt Hunwick is hit by Jim O'Brien and loses puck.
18:36 of 1st period - Snap shot by Nathan Horton.
18:36 of 1st period - Stopped by Drew MacIntyre without a rebound.
18:37 of 1st period - Nathan Horton wins face-off versus Tyler Gron in Checkers zone.
19:14 of 1st period - Slapshot by Brian McGrattan.
19:14 of 1st period - Shot Misses the Net.
19:20 of 1st period - Snap shot by Brian McGrattan.
19:20 of 1st period - Shot Blocked by Matt Hunwick.
19:52 of 1st period - Snap shot by Tim Kennedy.
19:52 of 1st period - Stopped by Drew MacIntyre with a rebound.
19:56 of 1st period - Snap shot by Tim Kennedy.
19:56 of 1st period - Shot Blocked by Sami Salo.
19:58 of 1st period - Slapshot by Dalton Prout.
19:58 of 1st period - Deflect By Tim Kennedy.
19:58 of 1st period - Shot Misses the Net.
19:58 of 1st period - Puck is out of play.
19:59 of 1st period - J.T. Wyman wins face-off versus Tim Kennedy in Checkers zone.
Goals for this period are 0 for Bulldogs vs 0 for Checkers.
Shots for this period are 7 for Bulldogs vs 1 for Checkers.

2nd period


0:01 of 2nd period - Mark Olver wins face-off versus Corey Locke in neutral zone.
0:36 of 2nd period - Backhand shot by Jordan Leopold.
0:36 of 2nd period - Shot Misses the Net.
0:50 of 2nd period - Wrist shot by Dalton Prout.
0:50 of 2nd period - Stopped by Drew MacIntyre with a rebound.
1:48 of 2nd period - Steven Kampfer is hit by J.T. Wyman and loses puck.
2:19 of 2nd period - Wrist shot by Jordan Leopold.
2:19 of 2nd period - Stopped by Drew MacIntyre without a rebound.
2:20 of 2nd period - Trevor Smith wins face-off versus Jim O'Brien in Checkers zone.
2:21 of 2nd period - Snap shot by Ryan Carter.
2:21 of 2nd period - Stopped by Drew MacIntyre with a rebound.
2:35 of 2nd period - Wrist shot by J.T. Wyman.
2:35 of 2nd period - Shot Misses the Net.
2:37 of 2nd period - Wrist shot by Adam Brace.
2:37 of 2nd period - Shot Blocked by Dalton Prout.
2:39 of 2nd period - Wrist shot by J.T. Wyman.
2:39 of 2nd period - Shot Misses the Net.
2:41 of 2nd period - Wrist shot by Corey Locke.
2:41 of 2nd period - Stopped by Eric Hartzell without a rebound.
2:42 of 2nd period - Corey Locke wins face-off versus Mark Olver in Bulldogs zone.
2:53 of 2nd period - Slapshot by B.J. Crombeen.
2:53 of 2nd period - Shot Blocked by Corey Locke.
2:55 of 2nd period - Snap shot by Dalton Prout.
2:55 of 2nd period - Goal by Dalton Prout - Bulldogs : 1 - Checkers : 0.
2:56 of 2nd period - Mark Olver wins face-off versus Jim O'Brien in neutral zone.
3:19 of 2nd period - Slapshot by B.J. Crombeen.
3:19 of 2nd period - Deflect By Ryan Carter.
3:19 of 2nd period - Shot Misses the Net.
3:19 of 2nd period - Puck is out of play.
3:20 of 2nd period - Brandon Yip wins face-off versus Corey Locke in Checkers zone.
3:39 of 2nd period - Slapshot by Sami Salo.
3:39 of 2nd period - Shot Misses the Net.
4:12 of 2nd period - Sami Salo is hit by B.J. Crombeen.
4:35 of 2nd period - Adam Brace is hit by Mark Olver and loses puck.
5:15 of 2nd period - Blake Parlett is hit by Patrick Kaleta and loses puck.
5:37 of 2nd period - Nick Crawford is hit by Cody McCormick.
6:21 of 2nd period - Wrist shot by Adam Brace.
6:21 of 2nd period - Stopped by Eric Hartzell with a rebound.
6:23 of 2nd period - Slapshot by Cody Bass.
6:23 of 2nd period - Shot Misses the Net.
6:25 of 2nd period - Wrist shot by Adam Brace.
6:25 of 2nd period - Stopped by Eric Hartzell without a rebound.
6:26 of 2nd period - Tim Kennedy wins face-off versus Tyler Gron in Bulldogs zone.
6:37 of 2nd period - Wrist shot by Tim Kennedy.
6:37 of 2nd period - Shot Blocked by Adam Brace.
6:39 of 2nd period - Wrist shot by Jean-Francois Jacques.
6:39 of 2nd period - Deflect By Tim Kennedy.
6:39 of 2nd period - Shot Misses the Net.
6:39 of 2nd period - Puck is out of play.
6:40 of 2nd period - Corey Locke wins face-off versus Tim Kennedy in Checkers zone.
6:49 of 2nd period - Wrist shot by Corey Locke.
6:49 of 2nd period - Stopped by Eric Hartzell without a rebound.
6:50 of 2nd period - Corey Locke wins face-off versus Brandon Yip in Bulldogs zone.
7:41 of 2nd period - Snap shot by Tim Kennedy.
7:41 of 2nd period - Stopped by Drew MacIntyre with a rebound.
7:43 of 2nd period - Slapshot by Steven Kampfer.
7:43 of 2nd period - Shot Blocked by Andrew Campbell.
7:47 of 2nd period - Snap shot by Tim Kennedy.
7:47 of 2nd period - Shot Blocked by Andrew Campbell.
8:07 of 2nd period - Slapshot by B.J. Crombeen.
8:07 of 2nd period - Stopped by Drew MacIntyre with a rebound.
8:09 of 2nd period - Slapshot by Dalton Prout.
8:09 of 2nd period - Shot Blocked by Brian McGrattan.
8:11 of 2nd period - Slapshot by Mark Olver.
8:11 of 2nd period - Stopped by Drew MacIntyre without a rebound.
8:12 of 2nd period - Corey Locke wins face-off versus Mark Olver in Checkers zone.
8:27 of 2nd period - Wrist shot by B.J. Crombeen.
8:27 of 2nd period - Shot Blocked by Mike Cornell.
9:06 of 2nd period - Sean Backman is hit by Patrick Kaleta and loses puck.
9:15 of 2nd period - Wrist shot by Trevor Smith.
9:15 of 2nd period - Stopped by Drew MacIntyre with a rebound.
9:44 of 2nd period - Corey Locke is hit by Ryan Carter and loses puck.
9:55 of 2nd period - Corey Locke is hit by Tim Kennedy and loses puck.
10:30 of 2nd period - Andrew Campbell is hit by Cody McCormick and loses puck.
10:53 of 2nd period - Snap shot by Brian McGrattan.
10:53 of 2nd period - Shot Misses the Net.
11:01 of 2nd period - Slapshot by Jordan Leopold.
11:01 of 2nd period - Stopped by Drew MacIntyre without a rebound.
11:02 of 2nd period - Tyler Gron wins face-off versus Patrick Kaleta in Checkers zone.
11:15 of 2nd period - Wrist shot by Tom Sestito.
11:15 of 2nd period - Stopped by Eric Hartzell with a rebound.
11:59 of 2nd period - Cody McCormick is hit by Mike Cornell and loses puck.
12:47 of 2nd period - Slapshot by Cody Bass.
12:47 of 2nd period - Shot Misses the Net.
12:49 of 2nd period - Snap shot by Corey Locke.
12:49 of 2nd period - Stopped by Eric Hartzell with a rebound.
12:51 of 2nd period - Slapshot by Nick Crawford.
12:51 of 2nd period - Stopped by Eric Hartzell with a rebound.
12:53 of 2nd period - Slapshot by Julien Brouillette.
12:53 of 2nd period - Deflect By Trevor Smith.
12:53 of 2nd period - Stopped by Eric Hartzell with a rebound.
12:55 of 2nd period - Snap shot by Corey Locke.
12:55 of 2nd period - Shot Misses the Net.
13:19 of 2nd period - Dalton Prout is hit by Tom Sestito and loses puck.
13:32 of 2nd period - Brandon Yip is hit by Adam Brace and loses puck.
13:37 of 2nd period - Snap shot by Brian McGrattan.
13:37 of 2nd period - Stopped by Eric Hartzell with a rebound.
13:39 of 2nd period - Slapshot by Sami Salo.
13:39 of 2nd period - Goal by Sami Salo - Bulldogs : 1 - Checkers : 1.
13:40 of 2nd period - Corey Locke wins face-off versus Cody McCormick in neutral zone.
13:43 of 2nd period - Cody McCormick is hit by Corey Locke and loses puck.
13:58 of 2nd period - Corey Locke is hit by Cody McCormick and loses puck.
15:25 of 2nd period - Snap shot by Trevor Smith.
15:25 of 2nd period - Shot Misses the Net.
15:27 of 2nd period - Wrist shot by Patrick Kaleta.
15:27 of 2nd period - Shot Misses the Net.
16:02 of 2nd period - Icing by Jean-Francois Jacques.
16:03 of 2nd period - Mark Olver wins face-off versus Sean Backman in Bulldogs zone.
17:37 of 2nd period - Wrist shot by Cody Bass.
17:37 of 2nd period - Stopped by Eric Hartzell with a rebound.
17:45 of 2nd period - Snap shot by Cody McCormick.
17:45 of 2nd period - Shot Misses the Net.
18:05 of 2nd period - Wrist shot by Adam Brace.
18:05 of 2nd period - Stopped by Eric Hartzell without a rebound.
18:06 of 2nd period - Trevor Smith wins face-off versus J.T. Wyman in Bulldogs zone.
18:35 of 2nd period - Slapshot by Patrick Dwyer.
18:35 of 2nd period - Shot Misses the Net.
19:37 of 2nd period - Snap shot by Sami Salo.
19:37 of 2nd period - Shot Blocked by Dalton Prout.
19:55 of 2nd period - Slapshot by Sami Salo.
19:55 of 2nd period - Stopped by Eric Hartzell with a rebound.
19:57 of 2nd period - Snap shot by Adam Brace.
19:57 of 2nd period - Shot Blocked by Cody McCormick.
19:59 of 2nd period - Slapshot by Andrew Campbell.
19:59 of 2nd period - Stopped by Eric Hartzell with a rebound.
Goals for this period are 1 for Bulldogs vs 1 for Checkers.
Shots for this period are 9 for Bulldogs vs 14 for Checkers.

3rd period


0:01 of 3rd period - Cody McCormick wins face-off versus Jim O'Brien in neutral zone.
0:14 of 3rd period - Wrist shot by Patrick Dwyer.
0:14 of 3rd period - Shot Blocked by Jim O'Brien.
0:20 of 3rd period - Backhand shot by Cody McCormick.
0:20 of 3rd period - Shot Blocked by Corey Locke.
0:22 of 3rd period - Backhand shot by Brandon Yip.
0:22 of 3rd period - Deflect By Cody McCormick.
0:22 of 3rd period - Shot Misses the Net.
0:22 of 3rd period - Puck is out of play.
0:23 of 3rd period - Jim O'Brien wins face-off versus Mark Olver in Checkers zone.
0:23 of 3rd period - Jim O'Brien is hit by Jordan Leopold.
0:43 of 3rd period - Wrist shot by Mark Olver.
0:43 of 3rd period - Shot Misses the Net.
0:45 of 3rd period - Slapshot by Ryan Carter.
0:45 of 3rd period - Stopped by Drew MacIntyre with a rebound.
0:47 of 3rd period - Snap shot by Mark Olver.
0:47 of 3rd period - Stopped by Drew MacIntyre with a rebound.
0:55 of 3rd period - Wrist shot by B.J. Crombeen.
0:55 of 3rd period - Stopped by Drew MacIntyre with a rebound.
0:57 of 3rd period - Snap shot by Jordan Leopold.
0:57 of 3rd period - Deflect By B.J. Crombeen.
0:57 of 3rd period - Shot Misses the Net.
0:57 of 3rd period - Puck is out of play.
0:58 of 3rd period - Cody McCormick wins face-off versus Corey Locke in Checkers zone.
1:11 of 3rd period - Wrist shot by Cody McCormick.
1:11 of 3rd period - Stopped by Drew MacIntyre without a rebound.
1:12 of 3rd period - Brandon Yip wins face-off versus Corey Locke in Checkers zone.
1:13 of 3rd period - Snap shot by Patrick Dwyer.
1:13 of 3rd period - Stopped by Drew MacIntyre with a rebound.
1:27 of 3rd period - Patrick Dwyer is hit by Blake Parlett and loses puck.
1:39 of 3rd period - Icing by Matt Hunwick.
1:40 of 3rd period - Jim O'Brien wins face-off versus Cody McCormick in Bulldogs zone.
1:41 of 3rd period - Snap shot by Sami Salo.
1:41 of 3rd period - Shot Blocked by Steven Kampfer.
1:48 of 3rd period - Cody McCormick beats up Tom Sestito.
1:48 of 3rd period - Penalty to Tom Sestito for Fighting.
1:48 of 3rd period - Penalty to Cody McCormick for Fighting.
1:49 of 3rd period - Corey Locke wins face-off versus B.J. Crombeen in Bulldogs zone.
1:50 of 3rd period - Wrist shot by Jim O'Brien.
1:50 of 3rd period - Stopped by Eric Hartzell with a rebound.
2:10 of 3rd period - Wrist shot by Corey Locke.
2:10 of 3rd period - Shot Misses the Net.
2:42 of 3rd period - Patrick Dwyer is hit by Cody Bass and loses puck.
3:23 of 3rd period - Snap shot by Corey Locke.
3:23 of 3rd period - Stopped by Eric Hartzell without a rebound.
3:24 of 3rd period - Trevor Smith wins face-off versus Jim O'Brien in Bulldogs zone.
4:21 of 3rd period - Icing by Jim O'Brien.
4:22 of 3rd period - Jim O'Brien wins face-off versus Tim Kennedy in Checkers zone.
4:58 of 3rd period - Corey Locke is hit by Dalton Prout and loses puck.
5:28 of 3rd period - Sami Salo is hit by Matt Hunwick and loses puck.
6:28 of 3rd period - Adam Brace is hit by Trevor Smith and loses puck.
7:17 of 3rd period - Tom Sestito is hit by B.J. Crombeen and loses puck.
8:12 of 3rd period - Snap shot by Tim Kennedy.
8:12 of 3rd period - Shot Blocked by Joshua Shalla.
8:14 of 3rd period - Snap shot by Jordan Leopold.
8:14 of 3rd period - Stopped by Drew MacIntyre with a rebound.
8:16 of 3rd period - Wrist shot by B.J. Crombeen.
8:16 of 3rd period - Shot Blocked by Tom Sestito.
8:34 of 3rd period - Corey Locke is hit by Trevor Smith and loses puck.
8:40 of 3rd period - Off-side.
8:41 of 3rd period - Trevor Smith wins face-off versus Cody Bass in neutral zone.
9:41 of 3rd period - Nick Crawford is hit by Ryan Carter and loses puck.
9:48 of 3rd period - Sami Salo is hit by B.J. Crombeen and loses puck.
10:11 of 3rd period - Snap shot by Sami Salo.
10:11 of 3rd period - Shot Blocked by Dalton Prout.
10:13 of 3rd period - Slapshot by Sami Salo.
10:13 of 3rd period - Stopped by Eric Hartzell with a rebound.
10:33 of 3rd period - Snap shot by Sean Backman.
10:33 of 3rd period - Stopped by Eric Hartzell without a rebound.
10:34 of 3rd period - Corey Locke wins face-off versus Tim Kennedy in Bulldogs zone.
11:01 of 3rd period - Wrist shot by Brandon Yip.
11:01 of 3rd period - Stopped by Drew MacIntyre with a rebound.
11:30 of 3rd period - Ryan Carter is hit by Sean Backman and loses puck.
12:06 of 3rd period - Minor Penalty to Andrew Campbell for High sticking.
12:07 of 3rd period - Mark Olver wins face-off versus J.T. Wyman in Checkers zone.
12:32 of 3rd period - Snap shot by Sean Backman.
12:32 of 3rd period - Stopped by Eric Hartzell without a rebound.
12:33 of 3rd period - Cody McCormick wins face-off versus J.T. Wyman in Bulldogs zone.
13:06 of 3rd period - Slapshot by Jordan Leopold.
13:06 of 3rd period - Stopped by Drew MacIntyre without a rebound.
13:07 of 3rd period - J.T. Wyman wins face-off versus Mark Olver in Checkers zone.
13:07 of 3rd period - J.T. Wyman is hit by Jean-Francois Jacques.
13:31 of 3rd period - Sean Backman is hit by Mark Olver and loses puck.
13:42 of 3rd period - Sami Salo is hit by Dalton Prout and loses puck.
14:06 of 3rd period - Penalty to Andrew Campbell is over, Andrew Campbell is back on ice.
14:43 of 3rd period - Minor Penalty to Nick Crawford for High sticking.
14:44 of 3rd period - Cody McCormick wins face-off versus J.T. Wyman in Checkers zone.
15:17 of 3rd period - Ryan Carter is hit by Jim O'Brien and loses puck.
15:24 of 3rd period - Sami Salo is hit by Ryan Carter and loses puck.
16:07 of 3rd period - Snap shot by Jordan Leopold.
16:07 of 3rd period - Shot Blocked by Julien Brouillette.
16:09 of 3rd period - Slapshot by Dalton Prout.
16:09 of 3rd period - Goal by Dalton Prout - Bulldogs : 2 - Checkers : 1.
16:10 of 3rd period - Jim O'Brien wins face-off versus Tim Kennedy in neutral zone.
16:45 of 3rd period - Slapshot by Jordan Leopold.
16:45 of 3rd period - Shot Misses the Net.
18:13 of 3rd period - Wrist shot by Brian McGrattan.
18:13 of 3rd period - Shot Misses the Net.
18:15 of 3rd period - Wrist shot by Nick Crawford.
18:15 of 3rd period - Shot Blocked by Patrick Kaleta.
18:17 of 3rd period - Snap shot by Brian McGrattan.
18:17 of 3rd period - Goal by Brian McGrattan - Bulldogs : 2 - Checkers : 2.
18:18 of 3rd period - Jean-Francois Jacques wins face-off versus Brian McGrattan in neutral zone.
18:21 of 3rd period - Julien Brouillette is hit by Tim Kennedy.
18:29 of 3rd period - Snap shot by Jim O'Brien.
18:29 of 3rd period - Shot Misses the Net.
19:53 of 3rd period - Slapshot by Tim Kennedy.
19:53 of 3rd period - Deflect By B.J. Crombeen.
19:53 of 3rd period - Shot Misses the Net.
19:53 of 3rd period - Puck is out of play.
19:54 of 3rd period - Corey Locke wins face-off versus Tim Kennedy in Checkers zone.
19:56 of 3rd period - Minor Penalty to Sami Salo for Hooking.
19:57 of 3rd period - J.T. Wyman wins face-off versus Cody McCormick in Checkers zone.
Goals for this period are 1 for Bulldogs vs 1 for Checkers.
Shots for this period are 9 for Bulldogs vs 6 for Checkers.

Overtime #1


0:01 of 1st overtime period - Jim O'Brien wins face-off versus Cody McCormick in neutral zone.
0:34 of 1st overtime period - Slapshot by Brandon Yip.
0:34 of 1st overtime period - Shot Misses the Net.
1:56 of 1st overtime period - Penalty to Sami Salo is over, Sami Salo is back on ice.
2:50 of 1st overtime period - Wrist shot by Tom Sestito.
2:50 of 1st overtime period - Stopped by Eric Hartzell without a rebound.
2:51 of 1st overtime period - Cody McCormick wins face-off versus Jim O'Brien in Bulldogs zone.
2:56 of 1st overtime period - Jim O'Brien is hit by Cody McCormick and loses puck.
3:03 of 1st overtime period - Snap shot by Cody McCormick.
3:03 of 1st overtime period - Stopped by Drew MacIntyre with a rebound.
3:05 of 1st overtime period - Snap shot by Cody McCormick.
3:05 of 1st overtime period - Stopped by Drew MacIntyre with a rebound.
3:07 of 1st overtime period - Slapshot by Jordan Leopold.
3:07 of 1st overtime period - Stopped by Drew MacIntyre with a rebound.
3:09 of 1st overtime period - Snap shot by Matt Hunwick.
3:09 of 1st overtime period - Stopped by Drew MacIntyre without a rebound.
3:10 of 1st overtime period - Cody McCormick wins face-off versus Jim O'Brien in Checkers zone.
3:27 of 1st overtime period - J.T. Wyman is hit by Brandon Yip and loses puck.
3:33 of 1st overtime period - Off-side.
3:34 of 1st overtime period - Corey Locke wins face-off versus Jean-Francois Jacques in neutral zone.
3:41 of 1st overtime period - Slapshot by Corey Locke.
3:41 of 1st overtime period - Shot Misses the Net.
Goals for this period are 0 for Bulldogs vs 0 for Checkers.
Shots for this period are 4 for Bulldogs vs 1 for Checkers.

ShootOut


5:00 of 1st overtime period - Penalty Shot by Brandon Yip for Bulldogs.
5:00 of 1st overtime period - Snap shot by Brandon Yip.
5:00 of 1st overtime period - Shot Misses the Net.
5:00 of 1st overtime period - Penalty Shot by Jim O'Brien for Checkers.
5:00 of 1st overtime period - Wrist shot by Jim O'Brien.
5:00 of 1st overtime period - Shot Misses the Net.
5:00 of 1st overtime period - Penalty Shot by Jean-Francois Jacques for Bulldogs.
5:00 of 1st overtime period - Deke by Jean-Francois Jacques.
5:00 of 1st overtime period - Stopped by Drew MacIntyre.
5:00 of 1st overtime period - Penalty Shot by Sean Backman for Checkers.
5:00 of 1st overtime period - Snap shot by Sean Backman.
5:00 of 1st overtime period - Stopped by Eric Hartzell.
5:00 of 1st overtime period - Penalty Shot by Ryan Carter for Bulldogs.
5:00 of 1st overtime period - Wrist shot by Ryan Carter.
5:00 of 1st overtime period - Stopped by Drew MacIntyre.
5:00 of 1st overtime period - Penalty Shot by Cody Bass for Checkers.
5:00 of 1st overtime period - Deke by Cody Bass.
5:00 of 1st overtime period - Goal by Cody Bass.


Output by the SimonT Hockey Simulator (STHS) for Eric Dolegowski -- Original Page W3C XHTML 1.0 Valid
Hockey Simulator - Hockey Simulation - Hockey Manager